 Dungeon Crawl Stone Soup version 0.32-a0-306-gfed3edf829 (webtiles) character file.

Game seed: 1721839671432698039

148 Bravepunisher the Ducker (level 5, 0/29 HPs)
             Began as a Spriggan Monk on Feb 15, 2024.
             Was a Priest of Trog.
             Slain by a cerulean imp
             ... wielding a +0 spear
             ... summoned by Natasha
              (3 damage)
             ... on level 2 of the Dungeon.
             The game lasted 00:04:22 (1185 turns).

Bravepunisher the Ducker (Spriggan Monk)            Turns: 1185, Time: 00:04:22

Health: 0/29       AC:  2    Str:  9    XL:     5   Next: 8%
Magic:  6/6        EV: 20    Int: 11    God:    Trog [***...]
Gold:   56         SH:  0    Dex: 18    Spells: 4/4 levels left

rFire   . . .        a - +0 short sword
rCold   . . .        (no shield)
rNeg    . . .        b - +0 robe
rPois   .            (helmet restricted)
rElec   .            (no cloak)
rCorr   .            (gloves unavailable)
SInv    +            (boots unavailable)
Will    ++...        (no amulet)
Stlth   ++           (no ring)
HPRegen 1.24/turn    (no ring)
MPRegen 0.10/turn

%: no passive effects
@: strong-willed, on berserk cooldown, regenerating, very quick
A: very small, no large weapons, unfitting armour, see invisible, speed 3
a: Renounce Religion, Berserk, Trog's Hand


You were on level 2 of the Dungeon.
You worshipped Trog.
Trog was most pleased with you.
You visited 1 branch of the dungeon, and saw 2 of its levels.

You collected 56 gold pieces.

Inventory:

Hand Weapons
 a - a +0 short sword (weapon)
Armour
 b - a +0 robe (worn)
Scrolls
 d - a scroll of amnesia {unknown}
 e - a scroll of fear {unknown}
 i - a scroll of brand weapon {unknown}
 k - a scroll of noise {unknown}
 m - a scroll of blinking {unknown}
Potions
 c - a potion of ambrosia
 f - a potion of haste {unknown}
 g - a potion of resistance {unknown}
 h - a potion of attraction {unknown}
 j - a potion of mutation {unknown}
 l - a potion of heal wounds {unknown}


   Skills:
 * Level 3.7 Fighting
 - Level 3.2 Short Blades
 + Level 6.1 Dodging


You had 4 spell levels left.
You didn't know any spells.
Your spell library was empty.

Dungeon Overview and Level Annotations

Branches:
Dungeon (2/15)

Altars:
Trog

Annotations:
D:2 Natasha


Innate Abilities, Weirdness & Mutations

You are very small and have problems with some larger weapons.
You are too small for most types of armour.
You have supernaturally acute eyesight. (SInv)
You cover ground extremely quickly. (Speed+++)


Message History

You miss Natasha.
Natasha is almost dead.
The cerulean imp hits you from afar with a +0 spear.
* * * LOW HITPOINT WARNING * * *
Natasha casts a spell at you.
You easily resist.
The cerulean imp completely misses you.
The cerulean imp hits you from afar with a +0 spear.
* * * LOW HITPOINT WARNING * * *
The cerulean imp misses you.
You miss Natasha.
Natasha is almost dead.
Natasha closely misses you. The cerulean imp misses you.
The cerulean imp hits you from afar with a +0 spear.
* * * LOW HITPOINT WARNING * * *
The cerulean imp misses you. Natasha misses you.
Unknown command.
Okay, then.
You miss Natasha.
Natasha is almost dead.
You feel yourself speed up. The cerulean imp completely misses you.
The cerulean imp hits you but does no damage.
The cerulean imp misses you. Natasha misses you.
Unknown command.
Your skin crawls.
You feel strong-willed. The cerulean imp completely misses you.
The cerulean imp barely misses you. The cerulean imp closely misses you.
Natasha barely misses you.
Unknown command.
You hit Natasha but do no damage.
Natasha is almost dead.
The cerulean imp hits you with a +0 spear.
* * * LOW HITPOINT WARNING * * *
The cerulean imp completely misses you. The cerulean imp closely misses you.
Natasha closely misses you.
Unknown command.
You miss Natasha.
Natasha is almost dead.
The cerulean imp hits you with a +0 spear.
You die...

##### ######...# #####
#...##...#
..###...####...##...####
........'.....).'...'...
..###...####..†##...####
#.5.# #...##...# #..@#
######...# #...h..#
##### #..5.5.# ###....#
#..?.# #....# ######
######### #.......##


You could see Natasha and 3 cerulean imps.

Vanquished Creatures
  A bombardier beetle (D:2)
  Jessica (D:2)
  2 adders (D:2)
  A gnoll (D:1)
  3 bats
  7 endoplasms
  A giant cockroach (D:1)
  3 goblins
  2 hobgoblins (D:1)
  4 jackals (D:1)
  2 quokkas
  3 ball pythons
  A frilled lizard (D:2)
  3 kobolds (D:1)
  2 rats (D:1)
36 creatures vanquished.

Notes
Turn   | Place    | Note
-------+----------+-------------------------------------------
     0 | D:1      | Bravepunisher the Spriggan Monk began the quest for the
                  | Orb.
     0 | D:1      | Reached XP level 1. HP: 11/11 MP: 2/2
    86 | D:1      | Reached XP level 2. HP: 16/16 MP: 3/3
   109 | D:1      | Found a faded altar of an unknown god.
   166 | D:1      | Prayed at the altar of an unknown god.
   166 | D:1      | Became a worshipper of Trog the Wrathful
   166 | D:1      | Reached * piety under Trog
   166 | D:1      | Reached ** piety under Trog
   221 | D:1      | Reached skill level 5 in Dodging
   243 | D:1      | Reached XP level 3. HP: 16/19 MP: 4/4
   280 | D:1      | Reached *** piety under Trog
   853 | D:2      | Noticed Jessica
   858 | D:2      | Killed Jessica
   859 | D:2      | Reached XP level 4. HP: 24/24 MP: 5/5
  1012 | D:2      | Reached skill level 6 in Dodging
  1150 | D:2      | Reached XP level 5. HP: 29/29 MP: 6/6
  1163 | D:2      | Noticed Natasha
  1185 | D:2      | Slain by a cerulean imp

Illustrated notes

Levels and vault maps discovered:
D:1:      dpeg_arrival_more_subterranean_lakeside_camping, layout_rooms,
          shapermc_ecumenical_altar_mp_highgroup
D:2:      layout_basic, serial_aquarium, aquarium_bridge_square
          [aquarium_subvault_balcony, aquarium_subvault_bridge,
          aquarium_subvault_bridge, aquarium_subvault_bridge],
          aquarium_bridge_island_small [aquarium_subvault_small_open,
          aquarium_subvault_bridge, aquarium_subvault_window,
          aquarium_subvault_window, aquarium_subvault_wall],
          aquarium_window_fake, aquarium_window_fake, aquarium_window_1,
          aquarium_view_2c, minivault_19, uniq_jessica, uniq_natasha

Skill      XL: |  1  2  3  4 |
---------------+-------------+-----
Dodging        | 5 6 |  6.1
Fighting       | 3 |  3.7
Short Blades   | |  3.2

Action                     |  1- 3 |  4- 6 || total
---------------------------+-------+-------++-------
  Melee: Short sword       |   126 |    54 ||   180
 Invoke: Berserk           |     1 |     1 ||     2
         Trog's Hand       |       |     1 ||     1
   Stab: Sleeping          |     2 |     1 ||     3
 Armour: Robe              |    21 |    23 ||    44
  Dodge: Dodged            |    93 |    65 ||   158

Table legend: (Time is in decaauts)
 A = Elapsed time spent in this place.
 B = Non-inter-level travel time spent in this place.
 C = Inter-level travel time spent in this place.
 D = Time resting spent in this place.
 E = Time spent auto-exploring this place.
 F = Levels seen in this place.
 G = Mean time per level.
                   A        B        C        D        E       F      G
               +--------+--------+--------+--------+--------+-----+--------+
         Total |    885 |    853 |     32 |      0 |    573 |   2 |  442.5 |
       Dungeon |    885 |    853 |     32 |      0 |    573 |   2 |  442.5 |
               +--------+--------+--------+--------+--------+-----+--------+

Top non-repeatable levels by time:
     D:1: 511 daAuts
     D:2: 374 daAuts
